 Dungeon Crawl Stone Soup version 0.29-a0-330-g52719c12eb (webtiles) character file.

Game seed: 15280746864326181604

2548 kae the Firebug (level 9, -18/62 HPs)
             Began as an Octopode Fire Elementalist on Apr 18, 2022.
             Was a Believer of Ashenzari.
             Demolished by an orc warrior
             ... wielding a +0 glaive
              (24 damage)
             ... in a bailey.
             The game lasted 00:05:52 (8513 turns).

kae the Firebug (Octopode Fire Elementalist)        Turns: 8513, Time: 00:05:52

Health: -18/62     AC:  2    Str:  7    XL:     9   Next: 56%
Magic:  12/18      EV: 16    Int: 21    God:    Ashenzari [**....]
Gold:   400        SH:  0    Dex: 18    Spells: 11/20 levels left

rFire   . . .      SeeInvis +   f - +5 rapier of the Shattered Anxiety {vorpal, Dex+5, Self, Comp} (curse)
rCold   . . .      Faith    .   (no shield)
rNeg    . . .      Spirit   .   c - +1 hat of the Cryptic Sorrow {Cun, Bglg} (curse)
rPois   .          Reflect  .   i - amulet of the Unveiling Sun {RegenMP, Self, Bglg} (curse)
rElec   .          Harm     .   r - ring "Share My Portent" {Wiz, Evo, Elem} (curse)
rCorr   .          Rampage  .   (no ring)
Will    .....                   (no ring)
Stlth   +++++.....              (no ring)
HPRegen 0.20/turn               (no ring)
MPRegen 0.56/turn               (no ring)
                                (no ring)
                                (no ring)

@: no status effects
A: almost no armour, amphibious, 8 rings, camouflage 1, gelatinous body 1,
(nimble swimmer 1), tentacles
a: Renounce Religion, Curse Item, Shatter the Chains


You were in a bailey.
You worshipped Ashenzari.
Ashenzari was pleased with you.
You visited 2 branches of the dungeon, and saw 8 of its levels.
You also visited: Bailey.

You collected 400 gold pieces.

Inventory:

Hand Weapons
 e - a +0 hand axe
 f - the cursed +5 rapier of the Shattered Anxiety (weapon) {vorpal, Dex+5, Self, Comp}
   (You found it on level 3 of the Dungeon)

   It inflicts extra damage upon your enemies.
   Dex:       It affects your dexterity (+5).
   It has a curse which improves the following skills: Introspection: Fighting
   and Spellcasting.
   Companions: Summonings and Necromancy.
Armour
 c - the cursed +1 hat of the Cryptic Sorrow (worn) {Cun, Bglg}
   (You found it on level 2 of the Dungeon)

   It has a curse which improves the following skills: Cunning: Dodging and
   Stealth.
   Beguiling: Conjurations, Hexes and Translocations.
Jewellery
 i - the cursed amulet of the Unveiling Sun (around mantle) {RegenMP, Self, Bglg}
   (You found it on level 3 of the Dungeon)

   [amulet of magic regeneration]

   It increases your rate of magic regeneration.
   It has a curse which improves the following skills: Introspection: Fighting
   and Spellcasting.
   Beguiling: Conjurations, Hexes and Translocations.
 r - the cursed ring "Share My Portent" (left tentacle) {Wiz, Evo, Elem}
   (You found it on level 4 of the Dungeon)

   [ring of wizardry]

   It improves your spell success rate.
   It has a curse which improves the following skills: Evocations: Evocations.
   Elements:  Fire Magic, Ice Magic, Air Magic and Earth Magic.
Wands
 o - a wand of flame (25)
Scrolls
 d - 3 scrolls of noise
 j - 2 scrolls of holy word
 l - 5 scrolls of identify
 m - a scroll of immolation
 p - a scroll of magic mapping
 s - 3 scrolls of enchant weapon
 t - a scroll of teleportation
 u - 2 scrolls of summoning
 w - a scroll of amnesia
Potions
 a - 7 potions of magic
 b - 3 potions of curing
 g - 4 potions of resistance
 h - a potion of degeneration
 k - 3 potions of heal wounds
 n - 2 potions of lignification
 q - a potion of cancellation
 v - a potion of might
 x - 2 potions of haste
 z - a potion of invisibility
 A - a potion of mutation


   Skills:
 + Level 4.4(6.2) Fighting
 + Level 5.1(6.3) Dodging
 + Level 7.4(8.7) Stealth
 + Level 4.6(6.4) Spellcasting
 + Level 4.6(6.4) Conjurations
 * Level 7.5(8.8) Fire Magic


You had 11 spell levels left.
You knew the following spells:

 Your Spells              Type           Power      Damage    Failure   Level
a - Foxfire               Conj/Fire      100%       2x1d9     1%          1
b - Scorch                Fire           86%        2d9       1%          2
c - Conjure Flame         Conj/Fire      38%        6-21      1%          3
d - Inner Flame           Hex/Fire       25%        N/A       1%          3

Your spell library contained the following spells:

 Spells                   Type           Power      Damage    Failure   Level
 Flame Wave               Conj/Fire      38%        2d9       1%          4
 Ignite Poison            Fire/Tmut/Pois 19%        N/A       3%          3
 Mephitic Cloud           Conj/Pois/Air  16%        N/A       4%          3
 Freezing Cloud           Conj/Ice/Air   8%         6-21      38%         5


Dungeon Overview and Level Annotations

Branches:
Dungeon (7/15)             Temple (1/1) D:5          Bailey (1/1)

Altars:
Ashenzari
Cheibriados
Elyvilon
Fedhas
Kikubaaqudgha
Makhleb
Nemelex Xobeh
Ru
Sif Muna
Trog
Vehumet
Wu Jian
Xom
Yredelemnul
Zin

Shops:
D:1 [

Annotations:
D:5 Ijyb


Innate Abilities, Weirdness & Mutations

You cannot wear most types of armour.
You are amphibious.
You can wear up to eight rings at the same time.
Your skin changes colour to match your surroundings (Stealth+).
Your rubbery body absorbs attacks. (AC +1, EV +1)
((You are camouflaged when in or above water. (Stealth+)))
You have tentacles for arms and can constrict up to eight enemies at once.


Message History

The foxfire hits the orc warrior.
The orc warrior is lightly wounded.
The foxfire hits the orc warrior.
The orc warrior is lightly wounded.
The orc warrior completely misses you.
Casting: Foxfire (safe; 1% risk of failure)
Confirm with . or Enter, or press ? or * to list all spells.
Flames lash the orc.
You kill the orc!
The orc warrior hits you from afar with a +0 glaive!!
The orc warrior hits you from afar with a +0 glaive!
Casting: Scorch (safe; 1% risk of failure)
Confirm with . or Enter, or press ? or * to list all spells.
Flames lash the orc warrior but do no damage.
The orc warrior closely misses you. The orc warrior completely misses you.
Casting: Scorch (safe; 1% risk of failure)
Confirm with . or Enter, or press ? or * to list all spells.
Flames lash the orc warrior.
The orc warrior is moderately wounded.
The orc warrior's fire resistance burns away.
The orc warrior misses you. The orc warrior closely misses you.
Casting: Scorch (safe; 1% risk of failure)
Confirm with . or Enter, or press ? or * to list all spells.
Flames lash the orc warrior.
The orc warrior is burned terribly!
The orc warrior is almost dead.
The orc warrior closely misses you. The orc warrior misses you.
Casting: Scorch (safe; 1% risk of failure)
Confirm with . or Enter, or press ? or * to list all spells.
Flames lash the orc warrior but do no damage.
The orc warrior barely misses you.
The orc warrior hits you from afar with a +0 glaive!!
* * * LOW HITPOINT WARNING * * *
Casting: Scorch (safe; 1% risk of failure)
Confirm with . or Enter, or press ? or * to list all spells.
Flames lash the orc warrior but do no damage.
The orc warrior hits you from afar with a +0 glaive!!
You die...

#.....#
#..)..#
#.....#
#..)..#
#.....#
##')'##
##..o..##
#.......#
#...@...#
#..#.#..#
#..#8#..#
#.)))...#
##)))..##
###'###
#...#
#...#
#...#


You could see an orc warrior (combustible).

Vanquished Creatures
  A wyvern (D:7)
  A yak (D:5)
  Eustachio (D:5)
  3 orc warriors (Bailey)
  2 black bears
  A sky beast (D:6)
  2 ogres (D:5)
  2 phantoms (D:5)
  2 kobold brigands
  2 necrophages (D:6)
  A gnoll sergeant (D:5)
  2 scorpions
  A bullfrog (D:6)
  A howler monkey (D:6)
  6 jellies
  2 hounds
  A gnoll shaman (D:6)
  5 iguanas
  2 orc wizards
  4 gnolls (D:6)
  5 adders
  3 worms
  6 dart slugs
  33 orcs
  4 ball pythons
  18 endoplasms
  6 giant cockroaches
  11 goblins
  8 hobgoblins
  28 kobolds
  A quokka (D:2)
  5 bats
  A frilled lizard (D:1)
  6 rats
177 creatures vanquished.

Vanquished Creatures (others)
  406 foxfires
  9 fungi (D:2)
  6 toadstools (D:2)
421 creatures vanquished.

Grand Total: 598 creatures vanquished

Notes
Turn   | Place    | Note
-------+----------+-------------------------------------------
     0 | D:1      | kae the Octopode Fire Elementalist began the quest for the
                  | Orb.
     0 | D:1      | Reached XP level 1. HP: 11/11 MP: 3/3
   320 | D:1      | You fall into a shaft and drop 1 floor!
   325 | D:2      | Reached XP level 2. HP: 17/17 MP: 1/5
   739 | D:1      | Reached XP level 3. HP: 22/22 MP: 4/6
  1236 | D:1      | Found Goqetz's Armour Boutique.
  1341 | D:2      | Found a faded altar of an unknown god.
  1812 | D:2      | Reached skill level 1 in Fighting
  1901 | D:2      | Reached XP level 4. HP: 11/28 MP: 7/7
  2526 | D:2      | Reached XP level 5. HP: 26/33 MP: 6/8
  3138 | D:3      | Identified the +5 rapier of the Warrior-Mage {vorpal,
                  | Dex+5}
  3330 | D:3      | Learned a level 2 spell: Scorch
  3334 | D:3      | Learned a level 3 spell: Conjure Flame
  3338 | D:3      | Learned a level 3 spell: Inner Flame
  3339 | D:3      | Found a broken altar of Ashenzari.
  3397 | D:3      | Became a worshipper of Ashenzari the Shackled
  4247 | D:4      | Reached XP level 6. HP: 39/39 MP: 8/10
  4283 | D:4      | Found a radiant altar of Vehumet.
  4742 | D:4      | Reached * piety under Ashenzari
  5138 | D:5      | Entered Level 5 of the Dungeon
  5193 | D:5      | Noticed a black bear
  5204 | D:5      | Killed a black bear
  5205 | D:5      | Reached skill level 5 in Fire Magic
  5205 | D:5      | Reached XP level 7. HP: 20/46 MP: 9/13
  5209 | D:5      | Found a staircase to the Ecumenical Temple.
  5514 | D:5      | Noticed Ijyb
  5605 | D:5      | Found a white marble altar of Elyvilon.
  5707 | D:5      | Reached skill level 5 in Stealth
  5856 | D:5      | Noticed a yak
  5899 | Temple   | Entered the Ecumenical Temple
  6386 | D:5      | Killed a yak
  6387 | D:5      | Reached XP level 8. HP: 54/54 MP: 7/15
  6781 | D:5      | Noticed Eustachio
  6792 | D:5      | Killed Eustachio
  7181 | D:6      | Reached XP level 9. HP: 13/61 MP: 17/17
  7926 | D:7      | Reached skill level 5 in Dodging
  7945 | D:7      | Found a flagged portal.
  7956 | Bailey   | Entered a bailey
  7957 | Bailey   | Reached ** piety under Ashenzari
  8489 | Bailey   | Noticed an orc knight
  8513 | Bailey   | Demolished by an orc warrior

Illustrated notes

Levels and vault maps discovered:
D:1:      lightli_arrival_chessboard, layout_rooms, serial_shops,
          nicolae_shop_behind_doors
D:2:      cheibrodos_fertilizer, layout_basic, ebering_ecumenical_altar_mist
D:3:      layout_loops_ring, mainiacjoe_overflow_24_doors
D:4:      nicolae_cairo_tiling_large, layout_basic,
          mainiacjoe_overflow_cross_hatched
D:5:      cheibrodos_barr_body, layout_basic, elyvilon_altar_1,
          minmay_temple_entry_drinking_statues, uniq_eustachio, uniq_ijyb
D:6:      layout_rooms
D:7:      layout_gridville, nicolae_tso_swordbearing_angel,
          nicolae_qazlal_style_of_elements, grunt_dithmenos_shadows,
          enter_bailey_5, uniq_duvessa
Temple:   minmay_temple_bridge_abc
Bailey:   bailey_polearm_5, bailey

Skill      XL: |  1  2  3  4  5  6  7  8  9 |
---------------+----------------------------+-----
Stealth        | 3 4 5 6 7 |  7.4
Fighting       | 1 2 3 4 |  4.4
Fire Magic     | 4 5 6 7 |  7.5
Conjurations   | 2 3 4 |  4.6
Dodging        | 3 4 5 |  5.1
Spellcasting   | 3 4 |  4.6

Action                   |  1- 3 |  4- 6 |  7- 9 || total
-------------------------+-------+-------+-------++-------
Melee: Unarmed           |     5 |       |       ||     5
       Constrict         |     6 |    13 |     9 ||    28
       Punch             |     2 |       |     1 ||     3
       Hand axe          |    17 |    19 |       ||    36
       Tentacles         |     2 |    10 |    12 ||    24
       Rapier            |       |    52 |    44 ||    96
 Cast: Foxfire           |    73 |    48 |   121 ||   242
       Scorch            |       |     2 |    38 ||    40
       Conjure Flame     |       |       |     9 ||     9
       Inner Flame       |       |       |     1 ||     1
Invok: Curse Item        |       |     2 |     2 ||     4
Evoke: Wand              |       |       |     1 ||     1
  Use: Scroll            |     2 |     4 |     1 ||     7
       Potion            |       |       |     3 ||     3
 Stab: Sleeping          |       |    11 |       ||    11
       Distracted        |       |     1 |       ||     1
Armor: Skin              |     5 |    14 |     2 ||    21
Dodge: Dodged            |    38 |    60 |   112 ||   210

Table legend: (Time is in decaauts)
 A = Elapsed time spent in this place.
 B = Non-inter-level travel time spent in this place.
 C = Inter-level travel time spent in this place.
 D = Time resting spent in this place.
 E = Time spent auto-exploring this place.
 F = Levels seen in this place.
 G = Mean time per level.
                   A        B        C        D        E       F      G
               +--------+--------+--------+--------+--------+-----+--------+
         Total |   8549 |   8326 |    223 |   1144 |   5790 |   9 |  949.9 |
       Dungeon |   7596 |   7398 |    198 |    654 |   5497 |   7 | 1085.1 |
        Temple |    385 |    360 |     25 |    250 |    100 |   1 |  385.0 |
        Bailey |    567 |    567 |      0 |    240 |    193 |   1 |  567.0 |
               +--------+--------+--------+--------+--------+-----+--------+

Top non-repeatable levels by time:
     D:2: 1839 daAuts
     D:5: 1409 daAuts
     D:1: 1305 daAuts
     D:3: 1116 daAuts
     D:6: 952 daAuts
     D:4: 896 daAuts
  Bailey: 567 daAuts
  Temple: 385 daAuts
     D:7: 77 daAuts
